 Dungeon Crawl Stone Soup version 0.19.0-2-gae57169 (webtiles) character file.

243 Grim the Conjurer (level 5, -1/28 HPs)
             Began as a Deep Elf Conjurer on Nov 6, 2016.
             Slain by an ogre
             ... wielding a +0 giant club
              (29 damage)
             ... on level 4 of the Dungeon.
             The game lasted 00:08:51 (3920 turns).

Grim the Conjurer (Deep Elf Conjurer)               Turns: 3920, Time: 00:08:52

Health: -1/28      AC:  4    Str:  5    XL:     5   Next: 82%
Magic:  6/11       EV: 13    Int: 21    God:
Gold:   114        SH:  0    Dex: 15    Spells: 3 memorised, 3 levels left

rFire  . . .     SeeInvis .     v - +5 whip of Darkness {flame, +Inv Stlth+}
rCold  . . .     Gourm    .     a - +1 robe
rNeg   . . .     Faith    .     (no shield)
rPois  .         Spirit   .     t - +0 helmet
rElec  .         Reflect  .     q - +2 cloak {+Inv}
rCorr  .         Harm     .     (no gloves)
MR     .....                    (no boots)
Stlth  +++.......               (no amulet)
                                (no ring)
                                e - -3 ring of protection (curse)

@: no status effects
A: no striking features
a: Evoke Invisibility


You were on level 4 of the Dungeon.
You were not hungry.

You visited 1 branch of the dungeon, and saw 4 of its levels.

You collected 114 gold pieces.

Inventory:

Hand Weapons
 v - the +5 whip of Darkness (weapon) {flame, +Inv Stlth+}
   (You found it on level 4 of the Dungeon)

   It has been specially enchanted to burn those struck by it, causing extra
   injury to most foes and up to half again as much damage against particularly
   susceptible opponents.
   It lets you turn invisible.
   It makes you more stealthy.
Armour
 a - a +1 robe (worn)
 q - a +2 cloak of invisibility (worn)
 t - a +0 helmet (worn)
Jewellery
 e - a cursed -3 ring of protection (left hand)
Scrolls
 d - 3 scrolls of teleportation
 j - a scroll of enchant weapon {unknown}
 k - a scroll of blinking {unknown}
 l - a scroll of recharging {unknown}
 m - a scroll of noise
 n - a scroll of amnesia {unknown}
 s - a scroll of enchant armour
Potions
 h - 2 potions of might
 i - 4 potions of curing
 o - a potion of cancellation {unknown}
 w - a potion of agility {unknown}
Books
 b - a book of Conjurations

   Spells                             Type                      Level
   a - Magic Dart                     Conjuration                  1
   b - Searing Ray                    Conjuration                  2
   c - Dazzling Spray                 Conjuration/Hexes            3
   d - Fulminant Prism                Conjuration/Hexes            4
   e - Iskenderun's Mystic Blast      Conjuration                  4
   f - Iskenderun's Battlesphere      Conjuration/Charms           5
Comestibles
 c - 2 bread rations
 f - 3 beef jerkies
 g - a meat ration
 p - a slice of pizza
 r - 2 fruits
 u - a chunk of flesh


   Skills:
 - Level 2.4 Dodging
 - Level 2.4 Stealth
 - Level 3.0 Spellcasting
 + Level 7.9 Conjurations


You had 3 spell levels left.
You knew the following spells:

 Your Spells              Type           Power        Failure   Level  Hunger
a - Magic Dart            Conj           ####         1%          1    None
b - Searing Ray           Conj           #####.       1%          2    ##.....
c - Iskenderun's Mystic   Conj           #####...     6%          4    ####...


Dungeon Overview and Level Annotations

Branches:
Dungeon (4/15)
 Temple: D:4-7

Altars:
Ashenzari
Dithmenos
Kikubaaqudgha
Makhleb


Message History

Wield which item (- for none, * to show all)? (? for menu, Esc to quit)
The +5 whip of Darkness {flame, +Inv Stlth+} bursts into flame!
v - the +5 whip of Darkness (weapon)
{flame, +Inv Stlth+}
w - a fizzy black potion An ogre comes into view.
It is wielding a giant club.
The ogre shouts!
Casting: Magic Dart
Confirm with . or Enter, or press ? or * to list all spells.
Aiming: Searing Ray
Press: ? - help, Shift-Dir - straight line, f - ogre
Aim: an ogre, wielding a giant club The searing ray hits the ogre.
The ogre is lightly wounded.
The searing ray misses the ogre.
The searing ray hits the ogre.
The ogre is heavily wounded.
The searing ray misses the ogre.
You finish channeling your searing ray.
The ogre hits you with a giant club!!
Ouch! That really hurt!
You die...

#...##
###.#########
#.........#
##.........#
#........>.#
##.........#
#.........#
#.........#
#..@......#
#..O......#
#.#.#######
#.#.# # #.#
#.# #.# #.#


You could see an ogre.

Vanquished Creatures
  A jelly (D:3)
  An iguana (D:4)
  A worker ant (D:3)
  2 gnolls (D:3)
  6 adders
  An ooze (D:4)
  A worm (D:3)
  2 leopard geckos
  5 orcs (D:4)
  A ball python (D:1)
  7 bats
  3 giant cockroaches
  11 goblins
  8 hobgoblins
  3 jackals (D:2)
  9 kobolds
  2 quokkas (D:3)
  2 frilled lizards
  6 rats
72 creatures vanquished.

Notes
Turn   | Place    | Note
-------+----------+-------------------------------------------
     0 | D:1      | Grim the Deep Elf Conjurer began the quest for the Orb.
     0 | D:1      | Reached XP level 1. HP: 10/10 MP: 6/6
    54 | D:1      | Reached XP level 2. HP: 15/15 MP: 4/8
    93 | D:1      | Learned a level 2 spell: Searing Ray
   247 | D:1      | Reached skill level 5 in Conjurations
   806 | D:2      | Reached XP level 3. HP: 19/19 MP: 0/9
  1426 | D:2      | Reached skill level 6 in Conjurations
  1459 | D:2      | Found a shadowy altar of Dithmenos.
  1459 | D:2      | Found an ancient bone altar of Kikubaaqudgha.
  1755 | D:2      | Found a faded altar of an unknown god.
  1760 | D:2      | Reached XP level 4. HP: 24/24 MP: 6/10
  2358 | D:3      | Found a shattered altar of Ashenzari.
  2762 | D:3      | Noticed a phantom
  2866 | D:2      | Learned a level 4 spell: Iskenderun's Mystic Blast
  2911 | D:2      | Reached skill level 7 in Conjurations
  2911 | D:2      | Reached XP level 5. HP: 28/28 MP: 3/11
  3545 | D:3      | Found a burning altar of Makhleb.
  3908 | D:4      | Got a bone whip
  3909 | D:4      | Identified the +5 whip of Darkness {flame, +Inv Stlth+} (You found it on level 4 of the Dungeon)
  3913 | D:4      | Noticed an ogre
  3920 | D:4      | Slain by an ogre

Skill      XL: |  1  2  3  4 |
---------------+-------------+-----
Conjurations   | 5 6 7 |  7.9
Dodging        | |  2.4
Stealth        | |  2.4
Spellcasting   | |  3.0

Action                   |  1- 3 |  4- 6 || total
-------------------------+-------+-------++-------
 Cast: Magic Dart        |    62 |    67 ||   129
       Searing Ray       |     3 |     7 ||    10
       Iskenderun's Myst |       |     1 ||     1
  Use: Scroll            |       |     5 ||     5
  Eat: Chunk             |     2 |     4 ||     6
       Bread ration      |       |     1 ||     1
Armor: Robe              |     4 |     1 ||     5
Dodge: Dodged            |     4 |     6 ||    10
